 Dungeon Crawl Stone Soup version 0.23-a0-358-g98c7a59 (console) character file.

931 nht the Cutter (level 8, -3/81 HPs)
             Began as an Octopode Berserker on Oct 22, 2018.
             Was an Elder of Trog.
             Hit by a tomahawk thrown by an orc (4 damage)
             ... on level 6 of the Dungeon.
             The game lasted 00:04:44 (3184 turns).

nht the Cutter (Octopode Berserker)                 Turns: 3184, Time: 00:04:47

Health: -3/81      AC:  1    Str: 21    XL:     8   Next: 11%
Magic:  8/8        EV: 14    Int: 10    God:    Trog [****..]
Gold:   267        SH:  0    Dex: 10    Spells: 7/7 levels left

rFire    . . .     SeeInvis .   h - +2 dagger (vamp)
rCold    . . .     Gourm    .   (no shield)
rNeg     . . .     Faith    .   (helmet restricted)
rPois    .         Spirit   .   (no amulet)
rElec    .         Reflect  .   o - -3 ring of dexterity (curse)
rCorr    .         Harm     .   (no ring)
MR       .....                  (no ring)
Stlth    ..........             (no ring)
HPRegen  0.23/turn              (no ring)
MPRegen  0.11/turn              (no ring)
                                (no ring)
                                (no ring)

@: berserking (expiring), very quick
A: almost no armour, stealthy swim, amphibious, 8 rings, constrict 8, camouflage
1, gelatinous body 1
a: Berserk, Trog's Hand, Brothers in Arms, Renounce Religion


You were on level 6 of the Dungeon.
You worshipped Trog.
Trog was greatly pleased with you.
You were hungry.

You visited 1 branch of the dungeon, and saw 6 of its levels.

You collected 267 gold pieces.

Inventory:

Hand Weapons
 a - a +0 short sword
 h - a +2 vampiric dagger (weapon)
 j - a +2 blowgun
Missiles
 n - 20 poisoned needles
 q - 4 tomahawks (quivered)
Jewellery
 o - a cursed -3 ring of dexterity (left tentacle)
Scrolls
 g - a scroll of enchant armour
 l - a scroll of teleportation {unknown}
Potions
 b - a potion of mutation {unknown}
 c - a potion of degeneration {unknown}
 d - 3 potions of curing
 e - 3 potions of heal wounds {unknown}
 f - a potion of agility {unknown}
 m - a potion of cancellation {unknown}
 r - a potion of flight {unknown}
 t - a potion of resistance {unknown}
Comestibles
 i - 6 rations
 k - 14 chunks of flesh


   Skills:
 + Level 4.8 Fighting
 * Level 6.0 Short Blades
 + Level 3.2 Throwing
 + Level 4.7 Dodging
 + Level 4.7 Stealth


You had 7 spell levels left.
You didn't know any spells.
Your spell library was empty.

Dungeon Overview and Level Annotations

Branches:
Dungeon (6/15)             Temple (0/1) D:4

Altars:
Ru


Innate Abilities, Weirdness & Mutations

You cannot wear most types of armour.
You are very stealthy in the water. (Stealth+)
You are amphibious.
You can wear up to eight rings at the same time.
You can use your tentacles to constrict eight enemies at once.
Your skin changes colour to match your surroundings (Stealth+).
Your rubbery body absorbs attacks. (AC +1, EV +1)


Message History

You closely miss the orc. You grab the orc.
You constrict the orc, but do no damage.
The orc warrior barely misses you.
You puncture the orc!
You feel better.
You kill the orc!
Trog accepts your kill.
You constrict the orc, but do no damage.
A shadow imp comes into view.
The orc throws a tomahawk.
The tomahawk barely misses you.
The shadow imp shouts, "Scamper hence, thou erky mumble-news joithead!"
You hit the orc.
The orc is heavily wounded.
You constrict the orc. The orc hits you but does no damage.
You hit the orc.
You kill the orc!
Trog accepts your kill.
The orc warrior hits you from afar with a +0 glaive!!
* * * LOW HITPOINT WARNING * * *
The orc throws a tomahawk.
The tomahawk hits you.
You die... █████+████ .......o.█ ..5..oo..█ .....o.[)█ ████████@█

███..█ █....█
██....█ . █.....█ o
█....██ .. █....█
... █..███
...█████████.█████.


You could see an orc warrior, an orc priest, a shadow imp and 2 orcs.

Vanquished Creatures
  2 ice beasts (D:5)
  2 ogres
  A howler monkey (D:4)
  2 crimson imps (D:5)
  2 bullfrog zombies
  A centaur zombie (D:5)
  An orc priest (D:4)
  A bullfrog skeleton (D:6)
  An iguana (D:4)
  An orc wizard (D:4)
  A worker ant (D:4)
  2 hound skeletons
  A worker ant zombie (D:5)
  6 adders
  An ooze (D:2)
  2 adder zombies (D:5)
  3 worms (D:2)
  5 dart slugs
  4 leopard geckos
  11 orcs
  2 ball pythons
  4 giant cockroaches
  6 goblins
  12 hobgoblins
  12 jackals
  2 quokkas (D:4)
  10 bats
  9 frilled lizards
  9 kobolds
  9 rats
125 creatures vanquished.

Notes
Turn   | Place    | Note
-------+----------+-------------------------------------------
     0 | D:1      | nht the Octopode Berserker began the quest for the Orb.
     0 | D:1      | Reached XP level 1. HP: 16/16 MP: 1/1
   100 | D:1      | Reached XP level 2. HP: 21/21 MP: 2/2
   164 | D:1      | Reached skill level 1 in Stealth
   300 | D:1      | Reached XP level 3. HP: 18/26 MP: 3/3
   559 | D:2      | Reached ** piety under Trog
   564 | D:2      | Reached skill level 1 in Throwing
   703 | D:2      | Reached XP level 4. HP: 29/31 MP: 4/4
  1085 | D:3      | Reached *** piety under Trog
  1190 | D:3      | Reached skill level 4 in Short Blades
  1199 | D:3      | Reached XP level 5. HP: 36/36 MP: 5/5
  1389 | D:3      | Found a sacrificial altar of Ru.
  1802 | D:4      | Reached XP level 6. HP: 40/43 MP: 6/6
  1816 | D:4      | Found a staircase to the Ecumenical Temple.
  2249 | D:5      | Entered Level 5 of the Dungeon
  2266 | D:5      | Noticed an ice beast
  2272 | D:5      | Reached skill level 5 in Short Blades
  2272 | D:5      | Reached XP level 7. HP: 48/48 MP: 7/7
  3083 | D:6      | Reached XP level 8. HP: 54/54 MP: 8/8
  3095 | D:6      | Reached **** piety under Trog
  3179 | D:6      | Reached skill level 6 in Short Blades
  3184 | D:6      | HP: 1/81 [orc warrior/+0 glaive (24)]
  3184 | D:6      | Hit by a tomahawk thrown by an orc

Vault maps used:
D:1:      lightli_arrival_noodles
D:2:      first_ration
D:3:      nicolae_overflow_crystal_walls
D:4:      minmay_temple_entry_large_hall, minmay_goblin_kobold_house
D:5:      minmay_checkerbox
D:6:      minmay_opposing_rooms

Skill      XL: |  1  2  3  4  5  6  7  8 |
---------------+-------------------------+-----
Stealth        | 1 2 3 4 |  4.7
Throwing       | 1 2 3 |  3.2
Short Blades   | 4 5 6 |  6.0
Fighting       | 4 |  4.8
Dodging        | 4 |  4.7

Action                   |  1- 3 |  4- 6 |  7- 9 || total
-------------------------+-------+-------+-------++-------
Melee: Short sword       |    30 |       |       ||    30
       Tentacles         |    12 |    24 |    17 ||    53
       Constrict         |    19 |    26 |    11 ||    56
       Dagger            |    45 |   106 |   104 ||   255
Invok: Berserk           |       |     3 |     3 ||     6
  Use: Scroll            |       |     8 |       ||     8
 Stab: Sleeping          |    10 |    11 |     2 ||    23
       Distracted        |     1 |     1 |       ||     2
  Eat: Ration            |     1 |       |     1 ||     2
       Chunk             |       |     7 |     3 ||    10
Armor: Skin              |     3 |     5 |     7 ||    15
Dodge: Dodged            |    26 |    57 |    52 ||   135

Table legend:
 A = Non-vault XP
 B = Vault XP
 C = Vault XP percentage of total XP
 D = Non-vault monster count
 E = Vault monster count
 F = Vault count percentage of total count
                 A         B        C        D         E       F
            +---------+---------+-------+---------+---------+-------
      Total |    1158 |     172 |  12.9 |     120 |       5 |   4.0
            +---------+---------+-------+---------+---------+-------
        D:1 |      36 |       0 |   0.0 |      22 |       0 |   0.0
        D:2 |      90 |       0 |   0.0 |      34 |       0 |   0.0
        D:3 |      93 |       0 |   0.0 |      24 |       0 |   0.0
        D:4 |     278 |       3 |   1.1 |      13 |       2 |  13.3
        D:5 |     449 |     130 |  22.5 |      12 |       2 |  14.3
        D:6 |     212 |      39 |  15.5 |      15 |       1 |   6.2
            +---------+---------+-------+---------+---------+-------
